 Dungeon Crawl Stone Soup version 0.29-a0-615-gdeedd76f10 (webtiles) character file.

Game seed: 7586258032683063890

193075 Essalna the Warrior (level 17, -1/145 HPs)
             Began as a Demonspawn Conjurer on June 16, 2022.
             Was the Champion of Qazlal.
             Slain by a dire elephant (25 damage)
             ... while paralysed by a great orb of eyes
             ... on level 1 of the Vaults on June 17, 2022.
             The game lasted 01:48:56 (32454 turns).

Essalna the Warrior (Demonspawn Conjurer)          Turns: 32454, Time: 01:48:56

Health: -1/145     AC: 14    Str: 14    XL:     17   Next: 63%
Magic:  41/54      EV:  2    Int: 26    God:    Qazlal [******]
Gold:   2248       SH:  0    Dex: 12    Spells: 27/47 levels left

rFire   + . .      SeeInvis .   u - staff of fire
rCold   + . .      Faith    .   e - +1 buckler {rC+}
rNeg    . . .      Spirit   .   W - +1 leather armour of Henotheism {Rampage Regen+ rCorr Str+7}
rPois   .          Reflect  .   m - +2 helmet
rElec   .          Harm     .   E - scarf {repulsion}
rCorr   +          Rampage  +   (gloves unavailable)
Will    +....                   I - +2 pair of boots {Stlth+}
Stlth   +.........              H - amulet of magic regeneration
HPRegen 1.14/turn               J - ring of magical power
MPRegen 0.74/turn               h - ring of magical power

@: paralysed, protected from physical damage, repel missiles
A: large bone plates 1, demonic guardian 2, powered by death 2, demonic touch 3,
weak 1
}: 1/15 runes: barnacled
a: Renounce Religion, Upheaval, Elemental Force, Disaster Area


You were on level 1 of the Vaults.
You worshipped Qazlal.
Qazlal was exalted by your worship.
You visited 5 branches of the dungeon, and saw 28 of its levels.
You visited the Abyss 2 times.
You also visited: Ossuary, Gauntlet, Ice Cave and Volcano.

You collected 3388 gold pieces.
You spent 1140 gold pieces at shops.

Inventory:

Hand Weapons
 k - a +5 dagger of venom
Armour
 a - the +4 skin of Zhor {*Englaciate rC+++ SInv}
   (You found it in an ice cave)

   It radiates cold, occasionally slowing all nearby creatures who are not
   resistant to cold.
   rC:        It renders you almost immune to cold.
   SInv:      It lets you see invisible.
 e - a +1 buckler of cold resistance (worn)
 m - a +2 helmet (worn)
 y - the +0 robe "Daohet" {rPois rN+ Str+4 Dex+3}
   (You found it on level 5 of the Dungeon)

   Str:       It affects your strength (+4).
   Dex:       It affects your dexterity (+3).
   rPois:     It protects you from poison.
   rN:        It protects you from negative energy.
 E - a scarf of repulsion (worn)
 I - a +2 pair of boots of stealth (worn)
 K - a +2 robe of fire resistance
 R - the +0 troll leather armour "Ixuiveux" {-Tele Fly Will++ Regen+ Stlth+}
   (You bought it in a shop on level 3 of the Shoals)

   Fly:       It grants you flight.
   -Tele:     It prevents most forms of teleportation.
   Regen:     It increases your rate of health regeneration.
   Will:      It greatly increases your willpower.
   Stlth:     It makes you more stealthy.
 V - a +1 robe of cold resistance
 W - the +1 leather armour of Henotheism (worn) {Rampage Regen+ rCorr Str+7}
   (You found it in a volcano)

   Str:       It affects your strength (+7).
   Regen:     It increases your rate of health regeneration.
   rCorr:     It protects you from acid and corrosion.
   Rampage:   It bestows one free step when moving towards enemies.
Magical Staves
 u - a staff of fire (weapon)
 Z - a staff of conjuration
Jewellery
 h - a ring of magical power (right hand)
 n - a ring of resist corrosion
 x - a ring of protection from fire
 C - a ring of protection from cold
 H - an amulet of magic regeneration (around neck)
 J - a ring of magical power (left hand)
 M - a ring of fire
 N - a ring of protection from cold
 O - a ring of positive energy
 P - a ring of poison resistance
 U - a ring of ice
Wands
 v - a wand of acid (1)
 D - a wand of mindburst (17)
 Q - a wand of iceblast (13)
Scrolls
 b - a scroll of fog
 i - 24 scrolls of identify
 j - 13 scrolls of teleportation
 r - 11 scrolls of poison
 t - 4 scrolls of enchant armour
 w - 7 scrolls of enchant weapon
 A - 3 scrolls of blinking
 B - 3 scrolls of amnesia
 S - 4 scrolls of fear
 Y - a scroll of brand weapon
Potions
 c - 2 potions of cancellation
 d - 8 potions of heal wounds {unknown}
 f - 6 potions of lignification {unknown}
 g - 4 potions of invisibility {unknown}
 l - a potion of experience {unknown}
 o - 4 potions of flight {unknown}
 p - 12 potions of mutation
 q - 8 potions of brilliance {unknown}
 s - 10 potions of curing
 z - 4 potions of haste {unknown}
 F - 4 potions of might {unknown}
 G - 4 potions of ambrosia {unknown}
 L - 5 potions of attraction {unknown}
 T - 2 potions of resistance {unknown}
 X - 6 potions of berserk rage {unknown}


   Skills:
 + Level 16.4 Fighting
 - Level 6.0 Armour
 - Level 6.2 Dodging
 - Level 1.7 Stealth
 - Level 4.0 Shields
 + Level 15.7 Spellcasting
 - Level 11.1 Conjurations
 - Level 8.0 Necromancy
 - Level 7.0 Translocations
 + Level 13.7 Fire Magic


You had 27 spell levels left.
You knew the following spells:

 Your Spells              Type           Power      Damage    Failure   Level
a - Magic Dart            Conj           100%       1d8       1%          1
b - Searing Ray           Conj           100%       2d8       1%          2
c - Iskenderun's Mystic   Conj/Tloc      61%        2d13      1%          4
d - Fireball              Conj/Fire      45%        3d18      1%          5
e - Sublimation of Blood  Necr           58%        N/A       1%          2
f - Starburst             Conj/Fire      45%        6d13      3%          6

Your spell library contained the following spells:

 Spells                   Type           Power      Damage    Failure   Level
 Foxfire                  Conj/Fire      100%       2x1d9     1%          1
 Shock                    Conj/Air       100%       1d9       1%          1
 Scorch                   Fire           100%       2d10      1%          2
 Static Discharge         Conj/Air       49%        N/A       1%          2
 Conjure Flame            Conj/Fire      91%        6-21      1%          3
 Dazzling Flash           Conj/Hex       98%        N/A       1%          3
 Gell's Gravitas          Tloc           54%        N/A       1%          3
 Ignite Poison            Fire/Tmut/Pois 60%        N/A       1%          3
 Lesser Beckoning         Tloc           54%        N/A       1%          3
 Teleport Other           Tloc           54%        N/A       1%          3
 Animate Dead             Necr           58%        N/A       1%          4
 Dispel Undead            Necr           58%        3d21      1%          4
 Flame Wave               Conj/Fire      91%        2d15      1%          4
 Sticky Flame             Conj/Fire      91%        2d10      1%          4
 Passage of Golubria      Tloc           54%        N/A       2%          4
 Summon Small Mammal      Summ           80%        N/A       4%          1
 Fulminant Prism          Conj/Hex       24%        3d13      4%          4
 Ensorcelled Hibernation  Hex/Ice        40%        N/A       6%          2
 Passwall                 Tmut/Erth      16%        N/A       6%          2
 Wereblood                Tmut           20%        N/A       6%          2
 Anguish                  Hex/Necr       20%        N/A       8%          4
 Call Canine Familiar     Summ           20%        N/A       12%         3
 Ozocubu's Armour         Ice            20%        N/A       12%         3
 Summon Guardian Golem    Hex/Summ       20%        N/A       12%         3
 Swiftness                Air            20%        N/A       12%         3
 Irradiate                Conj/Tmut      24%        3d21      12%         5
 Lightning Bolt           Conj/Air       24%        1d40      12%         5
 Corpse Rot               Necr/Pois/Air  34%        N/A       14%         4
 Borgnjor's Vile Clutch   Necr/Erth      20%        N/A       22%         5
 Death Channel            Necr           29%        N/A       24%         6
 Freezing Cloud           Conj/Ice/Air   19%        6-21      26%         5
 Cause Fear               Hex            10%        N/A       38%         4
 Leda's Liquefaction      Hex/Erth       10%        N/A       38%         4
 Ignition                 Fire           47%        3d13      69%         8
 Alistair's Intoxication  Tmut/Pois      13%        N/A       75%         5
 Blade Hands              Tmut           10%        N/A       75%         5
 Lee's Rapid Deconstruct  Erth           10%        3d9*      75%         5
 Silence                  Hex/Air        10%        N/A       75%         5
 Summon Mana Viper        Hex/Summ       20%        N/A       75%         5
 Simulacrum               Ice/Necr       20%        N/A       77%         6
 Statue Form              Tmut/Erth      13%        N/A       99%         6
 Summon Cactus Giant      Summ           10%        N/A       99%         6
 Dragon Form              Tmut           10%        N/A       100%        7
 Enfeeble                 Hex            10%        N/A       100%        7
 Malign Gateway           Summ/Tloc      19%        N/A       100%        7
 Monstrous Menagerie      Summ           10%        N/A       100%        7
 Ozocubu's Refrigeration  Ice            10%        4d7       100%        7
 Summon Hydra             Summ           10%        N/A       100%        7
 Lehudib's Crystal Spear  Conj/Erth      24%        10d7      100%        8
 Maxwell's Capacitive Co  Air            10%        ∞         100%        8
 Dragon's Call            Summ           10%        N/A       100%        9
 Polar Vortex             Ice            10%        N/A       100%        9


Dungeon Overview and Level Annotations

Branches:
Dungeon (15/15)            Temple (0/1) D:6            Lair (6/6) D:8
 Shoals (4/4) Lair:3       Spider (0/4) Lair:3        Slime (0/5) Lair:5
    Orc (2/2) D:11            Elf (0/3) Orc:2        Vaults (1/5) D:13
 Depths (0/4) D:15        Ossuary (visited)           IceCv (visited)
Volcano (visited)         Gauntlet (visited)

Altars:
Cheibriados
Dithmenos
Fedhas
Hepliaklqana
Kikubaaqudgha
Nemelex Xobeh
Qazlal
Ru
Sif Muna
Trog
Uskayaw
Xom
Yredelemnul
Zin
Jiyva

Shops:
D:6 :   Orc:2 ==([   Shoals:3 [


Innate Abilities, Weirdness & Mutations

You are partially covered in large bone plates. (SH +4)
A demonic guardian rushes to your aid.
You regenerate health from kills.
Your touch may irresistibly damage your foes and sap their willpower.
You are weak. (Str -2)


Message History

Qazlal accepts your kill.
A dire elephant comes into view.
Casting: Fireball (mildly dangerous; 1% risk of failure)
Confirm with . or Enter, or press ? or * to list all spells.
Aiming: Fireball (mildly dangerous; 1% risk of failure)
Press: ? - help, Shift-Dir - straight line, p - dire elephant You feel a surge of power!
The fireball explodes!
The fireball engulfs the entropy weaver!!
You kill the entropy weaver!
Qazlal accepts your kill.
The fireball engulfs the great orb of eyes!!
The great orb of eyes is moderately wounded.
The great orb of eyes gazes at you.
Your mind is blasted!
Casting: Fireball (mildly dangerous; 1% risk of failure)
Confirm with . or Enter, or press ? or * to list all spells.
Aiming: Fireball (mildly dangerous; 1% risk of failure)
Press: ? - help, Shift-Dir - straight line
Okay, then.
The great orb of eyes gazes at you.
Your mind is blasted!
Casting: Fireball (mildly dangerous; 1% risk of failure)
Confirm with . or Enter, or press ? or * to list all spells.
Aiming: Fireball (mildly dangerous; 1% risk of failure)
Press: ? - help, Shift-Dir - straight line You feel a surge of power!
The fireball explodes!
The fireball engulfs the great orb of eyes!!
The great orb of eyes is severely wounded.
The great orb of eyes gazes at you.
You suddenly lose the ability to move!
The dire elephant tramples you!!
You are shoved backwards!
The dire elephant tramples you!!
You are shoved backwards!
The dire elephant tramples you!!
* * * LOW HITPOINT WARNING * * *
A demonic guardian appears!
You feel protected from physical attacks.
You are shoved backwards!
The dire elephant is struck by lightning.
The dire elephant tramples you!!
You die...

#........'.......#
#........#.......#
#........#.......#
######........#.......#
....))........#''#+#####
.....#........#........#
.....#........#........#
....†#........#........#
.....#........#☼@......#
.^.[.#........#.Y°.....#
.....##########3°.○....#
.....# #○Y......# .....#
#°.Y°....# ...).#
#'Y#####+# ...))#
#...G........ ###'##
#...........$ ###.#
#............


You could see 4 dire elephants, a great orb of eyes and a friendly smoke demon
(summoned).

Vanquished Creatures
  Mlioglotl (Shoals:2)
  A kraken (Shoals:4)
  A lich (Abyss:3)
  5 sphinxes
  A tentacled starspawn (Abyss:2)
  Roxanne (D:14)
  A frost giant (IceCv)
  Aizul (Shoals:1)
  2 very ugly things (Abyss:2)
  A minotaur (Gauntlet)
  An entropy weaver (Vaults:1)
  A deep elf annihilator (D:13)
  4 merfolk javelineers
  3 merfolk impalers
  A yaktaur captain (Vaults:1)
  A fire dragon (Lair:6)
  Fannar (Lair:2)
  2 hydras
  A great orb of eyes (D:15)
  A vault guard (D:13)
  3 boulder beetles
  A rakshasa (D:15)
  An ironbound frostheart (Vaults:1)
  14 two-headed ogres
  3 ogre magi
  15 satyrs
  A catoblepas (D:15)
  10 centaur warriors
  2 merfolk avatars
  14 death yaks
  A tengu warrior (D:14)
  A deep troll earth mage (D:13)
  3 alligator snapping turtles
  2 merfolk aquamancers
  A hell knight (Abyss:2)
  Sonja (D:13)
  A fire crab (Lair:4)
  A death drake (Gauntlet)
  2 deep trolls (Orc:2)
  16 sea snakes
  A flayed ghost (D:15)
  4 wizards
  A lindwurm (Lair:6)
  19 harpies
  3 deep elf zephyrmancers (D:13)
  2 necromancers
  An oklob plant (Lair:6)
  7 deep elf pyromancers
  8 ugly things
  An orc knight (D:14)
  14 manticores
  2 orc sorcerers
  7 cyclopes
  10 fauns
  Maurice (Orc:2)
  5 black mambas
  5 merfolk sirens
  3 elephants (Gauntlet)
  5 water nymphs
  4 molten gargoyles
  An ice statue (IceCv)
  A large abomination (Abyss:2)
  2 gargoyles
  18 cane toads
  A torpor snail (Lair:5)
  8 komodo dragons
  3 freezing wraiths (D:15)
  4 kobold demonologists
  2 ice devils (D:11)
  5 yaktaurs
  An anaconda simulacrum (Abyss:2)
  5 tengu conjurers (D:13)
  8 meliai
  12 polar bears
  17 merfolk
  12 trolls
  5 wind drakes
  A raiju (shapeshifter) (D:14)
  3 raiju (Abyss:3)
  12 blink frogs
  16 dream sheep
  12 slime creatures
  11 snapping turtles
  6 water elementals
  A ynoxinul (Abyss:2)
  Sigmund (D:2)
  2 shadows
  2 vampires (D:9)
  28 yaks
  2 fire bats (Volcano)
  Eustachio (D:5)
  3 wraiths
  8 wyverns
  18 humans (D:13)
  A redback (shapeshifter) (D:14)
  6 vampire mosquitoes
  5 basilisks
  A redback (Vaults:1)
  2 chaos spawn
  2 steam dragons
  An acid dragon (D:10)
  4 hell hounds (Lair:6)
  A floating eye (shapeshifter) (D:15)
  10 water moccasins
  A meliai simulacrum (D:14)
  A spectral hornet (Gauntlet)
  A black bear (D:6)
  13 orc warriors
  3 ice beasts
  28 ogres
  34 wolves
  5 centaurs
  3 phantoms
  Blork the orc (D:6)
  5 necrophages
  13 bullfrogs
  3 scorpions
  2 small abominations (Abyss:2)
  15 wights
  5 jellies
  10 killer bees
  5 howler monkeys
  10 lava snakes
  10 centaur zombies
  5 starcursed masses (Abyss:3)
  2 human zombies
  A gnoll shaman (D:10)
  5 hounds
  5 orc priests
  An iguana (D:4)
  18 orc wizards
  4 hell rats (Lair:4)
  6 mummies
  8 gnolls
  8 adders
  2 white imps
  3 ufetubi
  A worm (D:2)
  A dart slug (D:1)
  58 orcs
  7 ball pythons
  6 bats
  5 endoplasms
  2 giant cockroaches
  A gnoll zombie (Ossuary)
  4 goblins
  7 hobgoblins
  9 jackals
  5 kobolds
  2 quokkas (D:1)
  A frilled lizard (D:2)
  2 goblin zombies (Ossuary)
  5 rats
  A lurking horror (Abyss:3)
845 creatures vanquished.

Vanquished Creatures (collateral kills)
  A red draconian (Volcano)
  A boulder beetle (D:14)
  A hydra (Lair:3)
  A tengu warrior (D:14)
  3 two-headed ogres
  3 ugly things (D:14)
  A faun (Shoals:3)
  A manticore (D:14)
  A will-o-the-wisp (Abyss:2)
  A merfolk siren (Shoals:3)
  A cane toad (Lair:5)
  A gargoyle (D:11)
  A torpor snail (Gauntlet)
  2 merfolk
  2 polar bears (IceCv)
  A hornet (D:9)
  A blink frog (Lair:5)
  A large abomination (Abyss:2)
  A centaur simulacrum (D:14)
  A wyvern (Lair:3)
  A yak (IceCv)
  A basilisk (D:14)
  A warg (Orc:2)
  A small abomination (Abyss:2)
  2 orc warriors (Orc:1)
  4 wolves
  A howler monkey (D:9)
  3 starcursed masses (Abyss:3)
40 creatures vanquished.

Vanquished Creatures (others)
  A merfolk siren (Shoals:3)
  An orc wizard (Orc:2)
  2 foxfires (Abyss:2)
  31 fungi
  102 plants
  8 tentacles (Shoals:4)
  A withered plant (Gauntlet)
146 creatures vanquished.

Grand Total: 1031 creatures vanquished

Notes
Turn   | Place    | Note
-------+----------+-------------------------------------------
     0 | D:1      | Essalna the Demonspawn Conjurer began the quest for the
                  | Orb.
     0 | D:1      | Reached XP level 1. HP: 13/13 MP: 3/3
   223 | D:1      | Gained mutation: You are partially covered in large bone
                  | plates. (SH +4) [demonic ancestry]
   223 | D:1      | Reached XP level 2. HP: 11/19 MP: 0/5
  1373 | D:2      | Reached XP level 3. HP: 24/24 MP: 2/7
  1570 | D:2      | Noticed Sigmund
  1632 | D:1      | Learned a level 2 spell: Searing Ray
  1725 | D:2      | Killed Sigmund
  1726 | D:2      | Reached skill level 5 in Conjurations
  1726 | D:2      | Gained mutation: A weak demonic guardian rushes to your
                  | aid. [demonic ancestry]
  1726 | D:2      | Reached XP level 4. HP: 8/30 MP: 0/10
  1726 | D:2      | Reached XP level 5. HP: 10/35 MP: 0/11
  2225 | D:2      | Learned a level 4 spell: Iskenderun's Mystic Blast
  2308 | D:2      | Found a faded altar of an unknown god.
  2648 | D:3      | Found a shadowy altar of Dithmenos.
  2649 | D:3      | Found a snail-covered altar of Cheibriados.
  2650 | D:3      | Found a sparkling altar of Nemelex Xobeh.
  2650 | D:3      | Found a hide-covered altar of Uskayaw.
  2650 | D:3      | Found a hazy altar of Hepliaklqana.
  2650 | D:3      | Found a sacrificial altar of Ru.
  2652 | D:3      | Found a stormy altar of Qazlal.
  2652 | D:3      | Found a bloodstained altar of Trog.
  2661 | D:3      | Became a worshipper of Qazlal Stormbringer
  3263 | D:3      | Identified the +3 robe of Itreyn {Fly Dex+5}
  3350 | D:3      | Found a faded altar of an unknown god.
  3354 | D:3      | Found a basalt altar of Yredelemnul.
  3502 | D:4      | Reached skill level 1 in Fighting
  3502 | D:4      | Gained mutation: You regenerate a little health from kills.
                  | [demonic ancestry]
  3502 | D:4      | Reached XP level 6. HP: 43/43 MP: 8/12
  3658 | D:4      | Reached skill level 1 in Translocations
  3731 | D:4      | Found a sand-covered staircase.
  3739 | D:4      | Reached * piety under Qazlal
  3745 | Ossuary  | Entered an ossuary
  4031 | Ossuary  | Reached skill level 2 in Fighting
  4098 | Ossuary  | Reached XP level 7. HP: 50/50 MP: 13/13
  4731 | D:4      | Reached skill level 3 in Fighting
  4731 | D:4      | Reached skill level 5 in Spellcasting
  5229 | D:5      | Entered Level 5 of the Dungeon
  5326 | D:5      | Identified the +4 ring mail "Bougeev" {SInv}
  5471 | D:5      | Reached XP level 8. HP: 58/58 MP: 15/15
  5533 | D:5      | Identified the +0 robe "Daohet" {rPois rN+ Str+4 Dex+3}
  5646 | D:5      | Reached skill level 4 in Fighting
  5805 | D:5      | Noticed Eustachio
  5824 | D:5      | Reached ** piety under Qazlal
  5845 | D:5      | Killed Eustachio
  6433 | D:6      | Gained mutation: A demonic guardian rushes to your aid.
                  | [demonic ancestry]
  6433 | D:6      | Reached XP level 9. HP: 67/67 MP: 17/18
  6439 | D:6      | Reached skill level 5 in Fighting
  6567 | D:6      | Found a staircase to the Ecumenical Temple.
  6568 | D:6      | Found Riamei's Book Emporium.
  6789 | D:6      | Noticed Blork the orc
  6796 | D:6      | Killed Blork the orc
  6864 | D:6      | Reached skill level 5 in Translocations
  7859 | D:7      | Reached skill level 6 in Fighting
  8800 | D:8      | Reached *** piety under Qazlal
  8810 | D:8      | Reached XP level 10. HP: 60/77 MP: 20/21
  8925 | D:8      | Found a staircase to the Lair.
 10048 | D:9      | Noticed a two-headed ogre
 10057 | D:9      | Killed a two-headed ogre
 10058 | D:9      | Reached skill level 7 in Fighting
 10628 | D:10     | Entered Level 10 of the Dungeon
 10748 | D:6      | Bought a book of Fire for 440 gold pieces
 10756 | D:6      | Learned a level 5 spell: Fireball
 10830 | Lair:1   | Entered Level 1 of the Lair of Beasts
 10859 | Lair:1   | Noticed a cane toad
 10865 | Lair:1   | Killed a cane toad
 10876 | Lair:1   | Reached skill level 1 in Fire Magic
 10963 | Lair:1   | Noticed a cane toad
 10969 | Lair:1   | Killed a cane toad
 10991 | Lair:1   | Reached skill level 8 in Fighting
 10991 | Lair:1   | Gained mutation: Your touch may inflict minor irresistible
                  | damage on your foes. [demonic ancestry]
 10991 | Lair:1   | Reached XP level 11. HP: 75/86 MP: 6/23
 11019 | Lair:1   | Found a gate leading to a gauntlet.
 11025 | Lair:1   | Reached skill level 10 in Conjurations
 11031 | Gauntlet | Entered a Gauntlet
 11031 | Gauntlet | Found a transporter.
 11031 | Gauntlet | Found a runed translucent door.
 11036 | Gauntlet | Noticed a necromancer
 11072 | Gauntlet | Found a runed translucent door.
 11078 | Gauntlet | Found a transporter.
 11078 | Gauntlet | Found the +5 robe of Misfortune {Harm *Corrode *Slow EV+5}
 11080 | Gauntlet | Found a transporter.
 11091 | Gauntlet | Found a transporter.
 11094 | Gauntlet | Found a transporter.
 11097 | Gauntlet | Noticed a red ugly thing
 11100 | Gauntlet | Noticed a glowing orange brain
 11102 | Gauntlet | Found a transporter.
 11123 | Gauntlet | Found a transporter.
 11134 | Gauntlet | Found a transporter.
 11141 | Gauntlet | Noticed a fire dragon
 11142 | Gauntlet | Noticed a death scarab
 11143 | Gauntlet | Noticed a mana viper
 11144 | Gauntlet | Noticed a death scarab
 11145 | Gauntlet | Found a transporter.
 11146 | Gauntlet | Found a runed translucent door.
 11146 | Gauntlet | Noticed a glowing orange brain
 11146 | Gauntlet | a mana viper changed into a glowing orange brain
 11148 | Gauntlet | a glowing orange brain changed into a redback
 11160 | Gauntlet | Found a runed translucent door.
 11164 | Gauntlet | Found a transporter.
 11178 | Gauntlet | Found a transporter.
 11178 | Gauntlet | Found a transporter.
 11221 | Gauntlet | Noticed a shock serpent
 11224 | Gauntlet | Noticed a jorogumo
 11224 | Gauntlet | Noticed a goliath frog
 11226 | Gauntlet | Found a transporter.
 11226 | Gauntlet | Noticed a sea snake
 11226 | Gauntlet | a shock serpent changed into a sea snake
 11227 | Gauntlet | Noticed a broodmother
 11227 | Gauntlet | a jorogumo changed into a broodmother
 11230 | Gauntlet | a broodmother changed into a tyrant leech
 11231 | Gauntlet | Noticed a five-headed hydra
 11231 | Gauntlet | a tyrant leech changed into a five-headed hydra
 11232 | Gauntlet | Noticed an entropy weaver
 11232 | Gauntlet | a five-headed hydra changed into an entropy weaver
 11233 | Gauntlet | Noticed an emperor scorpion
 11233 | Gauntlet | an entropy weaver changed into an emperor scorpion
 11236 | Gauntlet | Noticed a bunyip
 11236 | Gauntlet | a slime creature changed into a bunyip
 11237 | Gauntlet | Noticed an anaconda
 11237 | Gauntlet | a sea snake changed into an anaconda
 11238 | Gauntlet | Noticed a death drake
 11238 | Gauntlet | Noticed a six-headed hydra
 11238 | Gauntlet | an emperor scorpion changed into a six-headed hydra
 11240 | Gauntlet | Found a transporter.
 11243 | Gauntlet | Noticed an entropy weaver
 11243 | Gauntlet | a six-headed hydra changed into an entropy weaver
 11247 | Gauntlet | Noticed a broodmother
 11247 | Gauntlet | a bunyip changed into a broodmother
 11247 | Gauntlet | Noticed an ettin
 11247 | Gauntlet | an entropy weaver changed into an ettin
 11248 | Gauntlet | an ettin changed into a tyrant leech
 11254 | Gauntlet | Noticed an ettin
 11255 | Gauntlet | Noticed an ettin
 11256 | Gauntlet | an ettin changed into a slime creature
 11257 | Gauntlet | Noticed a fire dragon
 11257 | Gauntlet | a slime creature changed into a fire dragon
 11263 | Gauntlet | a fire dragon changed into a slime creature
 11266 | Gauntlet | Noticed a satyr
 11266 | Gauntlet | a broodmother changed into a satyr
 11267 | Gauntlet | Noticed an orb spider
 11267 | Gauntlet | an anaconda changed into an orb spider
 11267 | Gauntlet | Noticed a goliath frog
 11267 | Gauntlet | a tyrant leech changed into a goliath frog
 11341 | Gauntlet | Reached **** piety under Qazlal
 11342 | Gauntlet | Killed a necromancer
 11649 | Gauntlet | Killed a death drake
 11839 | Gauntlet | Noticed a minotaur
 11849 | Gauntlet | Killed a minotaur
 12003 | Lair:1   | Reached skill level 9 in Fighting
 12859 | Lair:2   | Noticed a six-headed hydra
 12863 | Lair:2   | Killed a six-headed hydra
 12942 | Lair:2   | Noticed Fannar
 12955 | Lair:2   | Killed Fannar
 12956 | Lair:2   | Reached skill level 5 in Fire Magic
 12969 | Lair:2   | Reached XP level 12. HP: 75/96 MP: 8/25
 13629 | Lair:3   | Found a dark tunnel.
 13637 | Volcano  | Entered a volcano
 14071 | Volcano  | Found a burning altar of Makhleb.
 14071 | Volcano  | Noticed a centaur warrior
 14077 | Volcano  | Killed a centaur warrior
 14078 | Volcano  | Reached skill level 10 in Spellcasting
 14292 | Volcano  | Reached skill level 10 in Fighting
 14354 | Volcano  | Noticed a red draconian
 14363 | Volcano  | Killed a red draconian
 14591 | Volcano  | Identified the +1 leather armour of Henotheism {Rampage
                  | Regen+ rCorr Str+7}
 14602 | Volcano  | Identified the +0 leather armour of Pandemonium {rElec}
 14860 | Lair:3   | Found a staircase to the Shoals.
 15030 | Lair:3   | Reached skill level 1 in Armour
 15056 | Lair:3   | Found a hole to the Spider Nest.
 15223 | Lair:3   | Noticed a five-headed hydra
 15228 | Lair:3   | Killed a five-headed hydra
 15831 | Lair:4   | Learned a level 2 spell: Sublimation of Blood
 16018 | Lair:4   | Reached skill level 1 in Necromancy
 16157 | Lair:4   | Found a hide-covered altar of Uskayaw.
 16786 | Lair:5   | Noticed a death yak
 16788 | Lair:5   | Noticed a death yak
 16789 | Lair:5   | Noticed a death yak
 16793 | Lair:5   | Reached ***** piety under Qazlal
 16794 | Lair:5   | Gained mutation: You regenerate health from kills. [demonic
                  | ancestry]
 16794 | Lair:5   | Reached XP level 13. HP: 71/104 MP: 22/27
 16837 | Lair:5   | Reached skill level 11 in Fighting
 17341 | Lair:5   | Found a viscous altar of Jiyva.
 17341 | Lair:5   | Found a staircase to the Slime Pits.
 17617 | Lair:6   | Entered Level 6 of the Lair of Beasts
 18169 | Lair:6   | Reached skill level 5 in Dodging
 18330 | Lair:6   | Found a blossoming altar of Fedhas.
 18512 | Lair:6   | Noticed a fire dragon
 18631 | Lair:6   | Reached skill level 5 in Necromancy
 18713 | Lair:6   | Reached skill level 5 in Armour
 18789 | Lair:6   | Found a large runed translucent door.
 18791 | Lair:6   | Found a large runed translucent door.
 18987 | Lair:6   | Killed a fire dragon
 19610 | D:10     | Reached XP level 14. HP: 112/113 MP: 25/29
 19653 | D:10     | Identified the -1 pair of gloves of Precision Catastrophes
                  | {Regen+ Stlth+}
 19665 | D:10     | Found an ancient bone altar of Kikubaaqudgha.
 20379 | D:11     | Found a frozen archway.
 20426 | IceCv    | Entered an ice cave
 20605 | IceCv    | Reached ****** piety under Qazlal
 20835 | IceCv    | Found the +4 skin of Zhor {*Englaciate rC+++ SInv}
 20894 | IceCv    | Reached skill level 12 in Fighting
 20997 | IceCv    | Noticed a frost giant
 21003 | IceCv    | Killed a frost giant
 21043 | IceCv    | Identified the +6 hand crossbow of the Eternal Warrior
                  | {elec, rElec rC+ rCorr Stlth-}
 21498 | D:11     | Reached skill level 1 in Shields
 21504 | D:11     | Found a staircase to the Orcish Mines.
 21849 | Orc:1    | Entered Level 1 of the Orcish Mines
 22238 | Orc:2    | Entered Level 2 of the Orcish Mines
 22238 | Orc:2    | Found a staircase to the Elven Halls.
 22264 | Orc:2    | Noticed Maurice
 22407 | Orc:2    | Reached XP level 15. HP: 122/122 MP: 26/31
 22414 | Orc:2    | Killed Maurice
 22443 | Orc:2    | Found Hiem's Jewellery Emporium.
 22446 | Orc:2    | Found Cymih's Jewellery Shoppe.
 22574 | Orc:2    | Found Cyt Ocwathept's Antique Armour Emporium.
 22580 | Orc:2    | Found Emein's Antique Weapon Shop.
 23218 | D:12     | Found a shimmering altar of Xom.
 23219 | D:12     | Found a shimmering altar of Xom.
 23220 | D:12     | Found a shimmering altar of Xom.
 23222 | D:12     | Found a shimmering altar of Xom.
 23934 | D:13     | Noticed Sonja
 23935 | D:13     | Killed Sonja
 23986 | D:14     | HP: 1/122 [cyclops/large rock (22)]
 23987 | D:14     | Cast into level 2 of the Abyss (a wizard)
 24057 | Abyss:2  | Noticed a tentacled starspawn
 24064 | Abyss:2  | Killed a tentacled starspawn
 24159 | D:14     | Escaped the Abyss
 24322 | D:13     | Identified a scroll of acquirement
 24322 | D:13     | Acquired 627 gold pieces
 24351 | D:13     | Reached skill level 13 in Fighting
 24519 | D:13     | Reached skill level 10 in Fire Magic
 24524 | D:13     | Cast into level 2 of the Abyss (a wizard)
 24524 | Abyss:2  | Found a sparkling altar of Nemelex Xobeh.
 24638 | Abyss:2  | Noticed a lich
 24712 | Abyss:3  | Noticed a lich
 24723 | Abyss:3  | Killed a lich
 24732 | Abyss:3  | Gained mutation: You are weak. (Str -2) [a neqoxec]
 24751 | Abyss:3  | Paralysed by accursed screaming for 1 turns
 24754 | Abyss:3  | Paralysed by accursed screaming for 1 turns
 24760 | Abyss:3  | Paralysed by accursed screaming for 1 turns
 24776 | D:13     | Escaped the Abyss
 24896 | D:13     | Found a gate to the Vaults.
 25407 | D:13     | Got the Handbook of Torrid Intoxication
 25433 | D:13     | Found a shimmering blue altar of Sif Muna.
 25639 | D:13     | Got the Incunabulum of Illusion
 25641 | D:13     | Got the Papyrus of Blistering Transmigration
 25653 | D:13     | Got the Compendium of Air
 25655 | D:13     | Got the Compendium of the Damaging Oath
 25697 | D:13     | Got the Guide on the Blaze and the Voyage
 26190 | D:14     | Noticed Roxanne
 26224 | D:14     | Killed Roxanne
 26473 | D:15     | Entered Level 15 of the Dungeon
 26558 | D:14     | Reached skill level 14 in Fighting
 26786 | D:15     | Gained mutation: Your touch may inflict irresistible damage
                  | on your foes. [demonic ancestry]
 26786 | D:15     | Reached XP level 16. HP: 131/133 MP: 11/33
 27386 | D:15     | Found a staircase to the Depths.
 27751 | Shoals:1 | Entered Level 1 of the Shoals
 28372 | Shoals:1 | Identified the +4 great sword of the Vaults {freeze, Dex+3}
 28629 | Shoals:2 | Noticed Aizul
 28670 | Shoals:2 | Noticed Mlioglotl
 28683 | Shoals:1 | Killed Aizul
 28760 | Shoals:2 | Killed Mlioglotl
 29510 | Shoals:2 | Learned a level 6 spell: Starburst
 29651 | Shoals:3 | Reached skill level 15 in Fighting
 29870 | Shoals:3 | Upgraded the game from 0.29-a0-609-gb56f46d856 to
                  | 0.29-a0-615-gdeedd76f10
 29931 | Shoals:3 | Found Roxtesoi's Antique Armour Shoppe.
 29939 | Shoals:3 | Bought a distressingly furry troll leather armour for 700
                  | gold pieces
 29939 | Shoals:3 | Identified the +0 troll leather armour "Ixuiveux" {-Tele
                  | Fly Will++ Regen+ Stlth+} (You bought it in a shop on level
                  | 3 of the Shoals)
 30322 | Shoals:4 | Entered Level 4 of the Shoals
 30322 | Shoals:4 | Noticed a kraken
 30335 | Shoals:4 | Killed a kraken
 30633 | Shoals:4 | Gained mutation: Your touch may irresistibly damage your
                  | foes and sap their willpower. [demonic ancestry]
 30633 | Shoals:4 | Reached XP level 17. HP: 120/142 MP: 35/35
 30740 | Shoals:4 | Reached skill level 15 in Spellcasting
 31365 | Shoals:4 | Reached skill level 16 in Fighting
 31556 | Shoals:4 | Identified the +4 trident of Callousness {vamp, Str+4}
 31802 | Shoals:4 | Got a barnacled rune of Zot
 32179 | Vaults:1 | Entered Level 1 of the Vaults
 32450 | Vaults:1 | Paralysed by a great orb of eyes for 5 turns
 32454 | Vaults:1 | Slain by a dire elephant

Illustrated notes

Levels and vault maps discovered:
D:1:      amcnicky_arrival_abandoned_market, layout_basic, skrybe_limestone_x,
          st_stairs_12, fountainhead, lemuel_flame_loot_1
D:2:      layout_loops_ring, shapermc_ecumenical_altar_petra, uniq_sigmund
D:3:      layout_basic, nicolae_overflow_ecumenical_swirl,
          nicolae_overflows_in_rows, patterned_corridor
D:4:      layout_loops_corners, gup_ossuary_entry_pyramid
D:5:      layout_rooms, minmay_pentangle, uniq_eustachio
D:6:      layout_cave_pools, temple_statues, serial_shops, shop,
          uniq_blork_the_orc
D:7:      layout_basic, minivault_22
D:8:      layout_loops_ring, lair_entry_dummy
D:9:      layout_irregular_city
D:10:     layout_stronghold, lemuel_mausoleum_altar_kikubaaqudgha
D:11:     layout_basic, david_orc_3, portal_ice_cave_demonic_guard
D:12:     layout_stronghold, xom_redecorated
D:13:     evilmike_library_of_no_secrets, layout_cave_pools,
          grunt_vaults_entry_tiered, eino_jars, uniq_sonja
D:14:     layout_cave_pools, corexii_corridor_pit, chequers_jeans,
          chequers_serial_rivers_micro_c, kennysheep_generic_room_10,
          uniq_roxanne
D:15:     gammafunk_enter_depths_forms, layout_loops_ring, serial_rivers,
          chequers_serial_rivers_small_a, chequers_serial_rivers_micro_e,
          chequers_serial_rivers_micro_b, chequers_serial_rivers_micro_c,
          nrook_campfire
Lair:1:   layout_loops_ring, gauntlet_entry_generic
Lair:2:   layout_long_grid, grunt_megastairs_4, uniq_fannar
Lair:3:   layout_cave_pods, minmay_shoals_entry_centaurs, spider_nest_entry_a,
          lightli_volcano_entry_magma_tube
Lair:4:   layout_regular_city, basic_altar, lemuel_fruit_tree,
          grunt_megastairs_5
Lair:5:   layout_loops_ring, slime_altar_1, ldierk_geyser
Lair:6:   cheibrodos_lair_end_hotspot, layout_regular_city, serial_bayou_pond_c,
          lemuel_oklob_altar
Shoals:1: layout_shoals
Shoals:2: layout_shoals, uniq_aizul, uniq_mlioglotl
Shoals:3: layout_shoals, serial_shops, shop_statue
Shoals:4: shoals_end_hellmonk_lost_city, serial_shops
Orc:1:    layout_diamond_mine
Orc:2:    st_orc_open, layout_caves, hellmonk_bongcloud_opening, rock_pile,
          uniq_maurice
Vaults:1: hangedman_vaults_variations, st_greater_box_1,
          nicolae_vaults_little_ls, ontoclasm_vaults_ring_small,
          hangedman_vaults_stagger, v_pattern_3, v_rooms_5,
          nicolae_vaults_alarming, ontoclasm_vaults_gateway,
          vaults_room_door_ring, layout_vaults_big_cross

Skill      XL: |  1  2  3  4  5  6  7  8  9 10 11 12 13 14 15 16 17 |
---------------+----------------------------------------------------+-----
Spellcasting   | 4 5 6 7 8 9 10 11 12 13 14 15 | 15.7
Conjurations   | 5 6 7 8 9 11 | 11.1
Fighting       | 1 2 3 4 6 8 9 10 11 12 14 15 16 | 16.4
Translocations | 1 3 4 6 7 |  7.0
Fire Magic     | 2 5 7 8 9 11 12 13 | 13.7
Dodging        | 3 5 6 |  6.2
Armour         | 3 5 6 |  6.0
Necromancy     | 1 5 7 8 |  8.0
Shields        | 3 4 |  4.0
Stealth        | |  1.7

Action                   |  1- 3 |  4- 6 |  7- 9 | 10-12 | 13-15 | 16-18 || total
-------------------------+-------+-------+-------+-------+-------+-------++-------
Melee: Unarmed           |     7 |       |       |       |       |       ||     7
       Whip              |     4 |       |       |       |       |       ||     4
       Punch             |     1 |       |       |       |     4 |       ||     5
       Dagger            |     6 |    18 |    29 |   119 |   379 |    16 ||   567
       Touch             |       |       |       |    26 |    44 |       ||    70
       Staff             |       |       |       |       |       |    41 ||    41
 Cast: Magic Dart        |    55 |    62 |   153 |    54 |       |       ||   324
       Searing Ray       |     1 |    13 |    29 |    18 |    22 |       ||    83
       Iskenderun's Myst |       |       |    42 |   152 |   322 |    57 ||   573
       Fireball          |       |       |       |    52 |   195 |   322 ||   569
       Sublimation of Bl |       |       |       |       |     6 |    10 ||    16
       Starburst         |       |       |       |       |       |    22 ||    22
Evoke: Wand              |       |       |       |     6 |    11 |       ||    17
  Use: Scroll            |       |     3 |       |     8 |     7 |     1 ||    19
       Potion            |       |       |       |       |     4 |       ||     4
 Stab: Sleeping          |       |     2 |       |       |       |       ||     2
       Distracted        |       |       |       |       |     1 |       ||     1
Armor: Robe              |     6 |    23 |    34 |    44 |    23 |       ||   130
       Leather armour    |       |       |       |    23 |    36 |    47 ||   106
       Animal skin       |       |       |       |       |    40 |       ||    40
Dodge: Dodged            |    19 |    32 |    51 |    88 |   202 |   128 ||   520
       Repelled          |       |       |     3 |     4 |     8 |     6 ||    21
Block: Other             |     7 |    16 |    20 |    97 |   131 |       ||   271
       Buckler           |       |       |       |       |   242 |   214 ||   456

Table legend: (Time is in decaauts)
 A = Elapsed time spent in this place.
 B = Non-inter-level travel time spent in this place.
 C = Inter-level travel time spent in this place.
 D = Time resting spent in this place.
 E = Time spent auto-exploring this place.
 F = Levels seen in this place.
 G = Mean time per level.
                   A        B        C        D        E       F      G
               +--------+--------+--------+--------+--------+-----+--------+
         Total |  32827 |  30310 |   2517 |   1110 |  23315 |  37 |  887.2 |
       Dungeon |  16321 |  14783 |   1538 |    136 |  12394 |  15 | 1088.1 |
          Lair |   6852 |   6219 |    633 |    197 |   5054 |   6 | 1142.0 |
        Shoals |   4393 |   4202 |    191 |    440 |   2789 |   4 | 1098.2 |
  Orcish Mines |   1174 |   1020 |    154 |    114 |    661 |   2 |  587.0 |
        Vaults |    274 |    274 |      0 |      0 |    224 |   1 |  274.0 |
         Abyss |    423 |    423 |      0 |      0 |      0 |   5 |   84.6 |
       Ossuary |    648 |    648 |      0 |      0 |    537 |   1 |  648.0 |
      Ice Cave |    830 |    830 |      0 |      0 |    525 |   1 |  830.0 |
       Volcano |   1066 |   1066 |      0 |      0 |    731 |   1 | 1066.0 |
      Gauntlet |    841 |    841 |      0 |    223 |    398 |   1 |  841.0 |
               +--------+--------+--------+--------+--------+-----+--------+

Top non-repeatable levels by time:
  Lair:6: 1512 daAuts
     D:1: 1442 daAuts
    D:13: 1401 daAuts
Shoals:4: 1353 daAuts
     D:7: 1270 daAuts
  Lair:3: 1191 daAuts
     D:2: 1169 daAuts
     D:4: 1164 daAuts
     D:5: 1161 daAuts
     D:8: 1148 daAuts
  Lair:5: 1098 daAuts
Shoals:3: 1079 daAuts
    D:10: 1067 daAuts
 Volcano: 1066 daAuts
     D:6: 1059 daAuts
